 Dungeon Crawl Stone Soup version 0.17-a0-2014-g32cd421 (webtiles) character file.

20414 brucemayne the Executioner (level 12, -10/108 HPs)
             Began as a Hill Orc Berserker on Oct 9, 2015.
             Was an Elder of Trog.
             Killed from afar by a deep elf knight (38 damage)
             ... with an orb of energy
             ... on level 1 of the Elven Halls.
             The game lasted 00:35:26 (5687 turns).

brucemayne the Executioner (Hill Orc Berserker)     Turns: 5687, Time: 00:35:27

Health: -10/108    AC: 15    Str: 26    XL:     12   Next: 79%
Magic:  12/12      EV: 11    Int: 10    God:    Trog [****..]
Gold:   830        SH:  8    Dex: 14    Spells: 0 memorised, 11 levels left

rFire  + . .     SeeInvis .     p - +6 broad axe (elec)
rCold  + + .     Clarity  +     s - +3 plate armour {rC+}
rNeg   . . .     SustAt   .     w - +3 buckler of the Slorg {Int+4 Dex+4}
rPois  +         Gourm    .     (no helmet)
rElec  +         Spirit   .     y - +0 cloak
rCorr  +         Warding  .     I - +0 pair of gloves
rMut   +         Stasis   .     A - +2 pair of boots
MR     +....                    t - amulet of resist mutation
Stlth  ..........               J - ring "Hiastru" {MR+ Str+2}
                                D - +3 ring of evasion

@: resistant, somewhat resistant to hostile enchantments, extremely unstealthy
A: fangs 1, talons 1, clarity, deformed body, dopey 1, electricity resistance
a: Burn Spellbooks, Berserk, Trog's Hand, Brothers in Arms, Renounce Religion


You were on level 1 of the Elven Halls.
You worshipped Trog.
Trog was greatly pleased with you.
You were not hungry.

You visited 3 branches of the dungeon, and saw 15 of its levels.
You also visited: Volcano.

You collected 1466 gold pieces.
You spent 636 gold pieces at shops.

Inventory:

Hand Weapons
 g - a +2 executioner's axe of venom
 o - a +0 battleaxe
 p - a +6 broad axe of electrocution (weapon)
 B - a +2 whip of venom
 K - a +0 hand axe of flaming
 P - a +0 war axe
 Q - a +0 blowgun
Missiles
 i - 23 tomahawks
 q - 4 silver tomahawks (quivered)
 u - 5 tomahawks of dispersal
 v - 5 javelins of returning
Armour
 s - a +3 plate armour of cold resistance (worn)
 w - the +3 buckler of the Slorg (worn) {Int+4 Dex+4}
   (You bought it in a shop on level 4 of the Orcish Mines)

   It affects your intelligence (+4).
   It affects your dexterity (+4).
 x - a +0 fire dragon armour
 y - a +0 cloak (worn)
 A - a +2 pair of boots (worn)
 E - a +0 plate armour
 I - a +0 pair of gloves (worn)
Jewellery
 t - an amulet of resist mutation (around neck)
 D - a +3 ring of evasion (left hand)
 G - an uncursed ring of positive energy
 J - the ring "Hiastru" (right hand) {MR+ Str+2}
   (You found it on level 10 of the Dungeon)

   [ring of protection from magic]

   It affects your strength (+2).
   It affects your resistance to hostile enchantments.
Wands
 n - a wand of digging (14)
 C - a wand of magic darts (46)
 L - a wand of frost (19)
Scrolls
 l - a scroll of noise
 z - 2 scrolls of enchant armour
Potions
 a - a potion of resistance
 b - a potion of heal wounds
 e - a potion of curing
 f - a potion of might
 h - a potion of agility
 j - a potion of invisibility
 r - 2 potions of flight
 H - a potion of magic
Miscellaneous
 k - a plain deck of changes
Comestibles
 c - 6 bread rations
 d - 11 beef jerkies
 m - 2 meat rations
 F - 5 chunks of flesh


   Skills:
 + Level 10.6 Fighting
 + Level 21.4 Axes
 - Level 5.0 Armour
 - Level 1.5 Dodging
 - Level 4.0 Shields


You had 11 spell levels left.
You didn't know any spells.

Dungeon Overview and Level Annotations

Branches:
Dungeon (11/15)            Temple (0/1) D:7             Orc (4/4) D:11
    Elf (1/3) Orc:3
   Lair: D:8-11

Altars:
Ashenzari
Kikubaaqudgha
Nemelex Xobeh
Ru
Beogh

Shops:
D:7 ?   Orc:3 %   Orc:4 [(=!


Innate Abilities, Weirdness & Mutations

You have very sharp teeth.
You have sharp toenails.
You possess an exceptional clarity of mind.
Armour fits poorly on your strangely shaped body.
You are dopey. (Int -2)
You are resistant to electric shocks.


Message History

This raw flesh tastes terrible.
You continue eating. x2
You feel the effects of Trog's Hand fading.
Your ogre is no longer berserk.
You hear the crackling of a distant melting archway.
Your skin stops crawling.
You feel less resistant to hostile enchantments.
Your ogre disappears in a puff of smoke!
Found a runed glaive.
You see here a runed glaive.
A deep elf knight comes into view. It is wielding a short sword.
The deep elf knight shouts!
The deep elf knight mumbles some strange words.
The deep elf knight seems to speed up.
The deep elf knight casts a spell at you.
The orb of energy hits you!
* * * LOW HITPOINT WARNING * * *
The deep elf knight points at you and mumbles some strange words.
The orb of energy hits you!
You die...

.............#####).#
##.......#
.............# #..#
........#
.....<.......# #..#
#........+
#.....#.)....# #..#
#........+
####+#####'### #..#
#........# #.# ##..#
.......
#.######...###..
.......).....'..
.......@..####..
#########.## #.# #.#
#.# .e# ... #.## #.


You could see a deep elf knight.

Vanquished Creatures
  Maud (Orc:3)
  Aizul (Elf:1)
  An orc warlord (Orc:4)
  A deep elf knight (Elf:1)
  A deep elf conjurer (Elf:1)
  3 orc sorcerers
  3 orc knights
  3 molten gargoyles (Volcano)
  A deep elf priest (Elf:1)
  2 trolls
  3 two-headed ogres
  A trapdoor spider (D:11)
  7 yaks (D:9)
  A fire elemental (Volcano)
  A deep elf mage (Elf:1)
  2 deep elf fighters (Elf:1)
  A hungry ghost (D:11)
  6 wargs
  A water moccasin (D:7)
  A swamp drake (D:11)
  21 orc warriors
  3 sky beasts
  2 phantoms
  8 centaurs
  12 ogres
  3 giant frogs
  An earth elemental (Volcano)
  2 scorpions
  6 electric eels
  23 orc priests
  3 worker ants
  3 hounds
  2 jellies (D:7)
  26 orc wizards
  A hound skeleton (D:10)
  A worker ant zombie (D:9)
  6 adders
  A shadow imp (D:10)
  An adder skeleton (D:6)
  2 worms
  2 giant geckos
  172 orcs
  2 giant cockroaches
  4 goblins
  4 hobgoblins
  9 jackals
  2 quokkas
  4 bats
  3 giant newts
  4 kobolds
  A quokka skeleton (D:9)
  5 rats
  2 fire vortices (Volcano)
382 creatures vanquished.

Vanquished Creatures (collateral kills)
  Nikola (Elf:1)
  The ghost of B1inky the Alchemist, a journeyman OpFi of Qazlal (Orc:4)
  An orc sorcerer (Orc:4)
  A warg (Orc:4)
  6 orc warriors (Orc:4)
  An orc priest (Orc:4)
  2 orcs (Orc:4)
13 creatures vanquished.

Vanquished Creatures (others)
  A human (D:6)
  3 orcs
  A fire vortex (Volcano)
5 creatures vanquished.

Grand Total: 400 creatures vanquished

Notes
Turn   | Place    | Note
--------------------------------------------------------------
     0 | D:1      | brucemayne the Hill Orc Berserker began the quest for the Orb.
     0 | D:1      | Reached XP level 1. HP: 19/19 MP: 1/1
    49 | D:1      | Reached XP level 2. HP: 12/26 MP: 2/2
   168 | D:2      | Reached skill level 5 in Axes
   170 | D:2      | Reached XP level 3. HP: 28/31 MP: 3/3
   228 | D:2      | Found a sparkling altar of Nemelex Xobeh.
   320 | D:2      | Acquired Trog's second power
   337 | D:2      | Reached skill level 6 in Axes
   417 | D:3      | Reached XP level 4. HP: 39/39 MP: 4/4
   468 | D:3      | Noticed an ogre
   474 | D:3      | Killed an ogre
   474 | D:3      | Reached skill level 7 in Axes
   474 | D:3      | Reached XP level 5. HP: 45/45 MP: 5/5
   585 | D:3      | Reached skill level 8 in Axes
   751 | D:5      | Entered Level 5 of the Dungeon
   799 | D:5      | Found a shattered altar of Ashenzari.
   841 | D:6      | Noticed a phantom
   841 | D:6      | Noticed an ogre
   848 | D:6      | Killed an ogre
   848 | D:6      | Reached XP level 6. HP: 51/51 MP: 6/6
   849 | D:6      | Killed a phantom
   849 | D:6      | Reached skill level 9 in Axes
   884 | D:5      | Noticed a troll
   892 | D:5      | Killed a troll
   892 | D:5      | Reached skill level 10 in Axes
   892 | D:5      | Reached XP level 7. HP: 57/57 MP: 7/7
   967 | D:5      | Reached skill level 11 in Axes
   973 | D:5      | Gained mutation: You have sharp toenails. [mutagenic meat]
   974 | D:5      | Gained mutation: Armour fits poorly on your strangely shaped body. [mutagenic meat]
   975 | D:5      | Gained mutation: Scrolls take you a little longer to read. [mutagenic meat]
   976 | D:5      | Gained mutation: You are resistant to hostile enchantments. [mutagenic meat]
   977 | D:5      | Gained mutation: You have very sharp teeth. [mutagenic meat]
  1328 | D:7      | Reached skill level 12 in Axes
  1328 | D:7      | Reached XP level 8. HP: 56/64 MP: 8/8
  1432 | D:6      | Found an ancient bone altar of Kikubaaqudgha.
  1434 | D:6      | Noticed a human
  1435 | D:6      | Killed a human
  1485 | D:7      | Reached skill level 13 in Axes
  1666 | D:7      | Reached skill level 14 in Axes
  1687 | D:7      | Found Upsopnint's Magic Scroll Shop.
  1705 | D:7      | Bought a scroll of enchant armour for 97 gold pieces
  1705 | D:7      | Bought a scroll of enchant armour for 97 gold pieces
  1776 | D:7      | Reached XP level 9. HP: 47/70 MP: 9/9
  1816 | D:7      | Lost mutation: Scrolls take you a little longer to read. [mutagenic meat]
  1817 | D:7      | Gained mutation: You are dopey. (Int -2) [mutagenic meat]
  1818 | D:7      | Gained mutation: You possess an exceptional clarity of mind. [mutagenic meat]
  1819 | D:7      | Gained mutation: You are resistant to electric shocks. [mutagenic meat]
  1820 | D:7      | Lost mutation: You are resistant to hostile enchantments. [mutagenic meat]
  1889 | D:7      | Found a staircase to the Ecumenical Temple.
  1960 | D:7      | You fall through a shaft for 2 floors!
  2010 | D:9      | Reached skill level 5 in Fighting
  2067 | D:9      | Received a gift from Trog
  2110 | D:9      | Reached skill level 5 in Armour
  2113 | D:9      | Reached skill level 15 in Axes
  2163 | D:9      | Found a sacrificial altar of Ru.
  2227 | D:10     | Entered Level 10 of the Dungeon
  2244 | D:10     | Acquired Trog's third power
  2284 | D:10     | Reached XP level 10. HP: 65/83 MP: 10/10
  2318 | D:10     | Got a scintillating iron ring
  2341 | D:10     | Reached skill level 16 in Axes
  2439 | D:10     | Identified the ring "Hiastru" {MR+ Str+2} (You found it on level 10 of the Dungeon)
  2663 | D:11     | Reached skill level 17 in Axes
  2809 | D:11     | Found a staircase to the Orcish Mines.
  2999 | Orc:1    | Entered Level 1 of the Orcish Mines
  3130 | Orc:1    | Noticed an orc knight
  3267 | Orc:2    | Reached skill level 18 in Axes
  3388 | Orc:1    | Noticed an orc sorcerer
  3392 | Orc:1    | Found a roughly hewn altar of Beogh.
  3405 | Orc:1    | Killed an orc sorcerer
  3405 | Orc:1    | Reached XP level 11. HP: 56/89 MP: 11/11
  3601 | Orc:1    | Found a dark tunnel.
  3651 | Volcano  | Entered a volcano
  3726 | Volcano  | Found a bloodstained altar of Trog.
  3807 | Volcano  | Reached skill level 19 in Axes
  3989 | Orc:3    | Found Luris Xivoq's Food Shop.
  4023 | Orc:3    | Noticed Maud
  4026 | Orc:3    | Found a staircase to the Elven Halls.
  4041 | Orc:3    | Killed Maud
  4227 | Orc:3    | Received a gift from Trog
  4282 | Orc:4    | Entered Level 4 of the Orcish Mines
  4385 | Orc:4    | Found a roughly hewn altar of Beogh.
  4416 | Orc:4    | Reached skill level 20 in Axes
  4564 | Orc:4    | Found a roughly hewn altar of Beogh.
  4594 | Orc:4    | Found a roughly hewn altar of Beogh.
  4667 | Orc:4    | Found a roughly hewn altar of Beogh.
  4701 | Orc:4    | Noticed an orc knight
  4734 | Orc:4    | Killed an orc knight
  4831 | Orc:3    | Noticed an orc knight
  4835 | Orc:3    | Killed an orc knight
  4915 | Orc:4    | Found a roughly hewn altar of Beogh.
  4918 | Orc:4    | Noticed an orc knight
  4919 | Orc:4    | Found Woomuwe's Jewellery Boutique.
  4927 | Orc:4    | Killed an orc knight
  4997 | Orc:4    | Reached XP level 12. HP: 102/102 MP: 12/12
  5021 | Orc:4    | Noticed B1inky's ghost (journeyman OpFi)
  5045 | Orc:4    | Killed B1inky's ghost
  5054 | Orc:4    | Received a gift from Trog
  5082 | Orc:4    | Noticed an orc warlord
  5104 | Orc:4    | Killed an orc warlord
  5158 | Orc:4    | Found Mots's Antique Weapon Shoppe.
  5159 | Orc:4    | Found a roughly hewn altar of Beogh.
  5162 | Orc:4    | Found Kiammyom's Antique Armour Emporium.
  5190 | Orc:4    | Bought a translucent buckler for 218 gold pieces
  5195 | Orc:4    | Identified the +3 buckler of the Slorg {Int+4 Dex+4} (You bought it in a shop on level 4 of the Orcish Mines)
  5291 | Orc:4    | Reached skill level 21 in Axes
  5386 | Orc:4    | Found a roughly hewn altar of Beogh.
  5386 | Orc:4    | Found Qoaxzegiri's Distillery.
  5404 | Orc:4    | Bought a potion of heal wounds for 70 gold pieces
  5404 | Orc:4    | Bought a potion of curing for 42 gold pieces
  5404 | Orc:4    | Bought a potion of invisibility for 112 gold pieces
  5432 | Orc:4    | Found a roughly hewn altar of Beogh.
  5466 | Orc:3    | Reached skill level 1 in Shields
  5473 | Elf:1    | Entered Level 1 of the Elven Halls
  5473 | Elf:1    | Noticed Aizul
  5484 | Elf:1    | Killed Aizul
  5618 | Elf:1    | Noticed Nikola
  5645 | Elf:1    | Killed Nikola
  5645 | Elf:1    | Reached skill level 10 in Fighting
  5687 | Elf:1    | Killed from afar by a deep elf knight

Vault maps used:
D:1:      ncdulo_smallfort
D:2:      nemelex_deck, hex_tiny, uniq_natasha
D:3:      ecumenical_altar_2
D:4:      minmay_door_square
D:5:      first_bread, portal_sewer_entry_d, nicolae_ashenzari_panopticon
D:6:      wad_river_or_something, tgw_kikubaaqudgha
D:7:      minmay_temple_entry_poolview, serial_shops, shop,
          minmay_curled_crystal, grunt_ogre_cave
D:9:      erik_lair_dragon, basic_altar
D:10:     old_forge, minmay_large_rounded_square, roderic_roman_lattice,
          nooodl_orcs_dogs
D:11:     erik_orc_1, uniq_maurice
Orc:1:    nicolae_volcano_entry_two_sided, nicolae_orc_lost_temple
Orc:3:    serial_shops, nicolae_shop_trees, nicolae_orc_pool_cavern, uniq_maud
Orc:4:    grunt_orc_community_town_hall, grunt_orc_community_big_house_2,
          grunt_orc_community_big_house_1, grunt_orc_community_house_3,
          grunt_orc_community_house_1, grunt_orc_community_house_3,
          grunt_orc_community_house_3, grunt_orc_community_house_1,
          grunt_orc_community_house_3, serial_shops, shop,
          nicolae_orc_flooded_monolith, abandoned_shop, mines1_david
Elf:1:    portal_ice_cave_entry_ice_beasts, serial_shops, shop,
          hangedman_elf_represent, uniq_aizul, uniq_nikola
Volcano:  volcano_lake

Action                   |  1- 3 |  4- 6 |  7- 9 | 10-12 || total
-------------------------+-------+-------+-------+-------++-------
Melee: Hand axe          |    65 |    43 |   221 |       ||   329
       Battleaxe         |       |       |    48 |   397 ||   445
       Executioner's axe |       |       |       |   143 ||   143
       Broad axe         |       |       |       |    71 ||    71
Invok: Berserk           |     3 |     3 |    10 |    12 ||    28
       Trog's Hand       |       |       |     5 |    23 ||    28
       Brothers in Arms  |       |       |       |     6 ||     6
Evoke: Wand              |       |       |       |     1 ||     1
  Use: Scroll            |       |       |    12 |     8 ||    20
       Potion            |       |       |     3 |     7 ||    10
 Stab: Distracted        |       |       |       |     2 ||     2
  Eat: Chunk             |       |     3 |    25 |    31 ||    59
       Pizza             |       |     1 |       |     1 ||     2
       Beef jerky        |       |       |     3 |       ||     3
       Bread ration      |       |       |       |     2 ||     2
       Fruit             |       |       |       |     3 ||     3
